 Dungeon Crawl Stone Soup version 0.30-a0-368-g86fb4627a9 (webtiles) character file.

Game seed: 9044562334248785212

1192 Tocho the Cleaver (level 8, -2/64 HPs)
             Began as a Minotaur Fighter on Nov 20, 2022.
             Was an Initiate of Makhleb.
             Slain by a troll (4 damage)
             ... on level 5 of the Dungeon.
             The game lasted 00:05:23 (4070 turns).

Tocho the Cleaver (Minotaur Fighter)                Turns: 4070, Time: 00:05:23

Health: -2/64      AC:  9    Str: 23    XL:     8   Next: 20%
Magic:  7/7        EV: 24    Int: 11    God:    Makhleb [......]
Gold:   206        SH:  4    Dex: 10    Spells: 7/7 levels left

rFire   . . .      SeeInvis .    a - +0 war axe
rCold   . . .      Faith    .    c - +0 buckler
rNeg    . . .      Spirit   .    b - +0 scale mail
rPois   .          Reflect  .    (helmet restricted)
rElec   .          Harm     .    B - +0 cloak
rCorr   .          Rampage  .    (no gloves)
Will    .....                    r - +0 pair of boots
Stlth   ..........               k - amulet of the acrobat
HPRegen 0.30/turn                D - +6 ring of intelligence
MPRegen 0.10/turn                (no ring)

@: acrobatic
A: horns 2, retaliatory headbutt
a: Renounce Religion


You were on level 5 of the Dungeon.
You worshipped Makhleb.
Makhleb was noncommittal.
You visited 2 branches of the dungeon, and saw 6 of its levels.

You collected 206 gold pieces.

Inventory:

Hand Weapons
 a - a +0 war axe (weapon)
Missiles
 v - 6 javelins (quivered)
Armour
 b - a +0 scale mail (worn)
 c - a +0 buckler (worn)
 r - a +0 pair of boots (worn)
 x - +0 steam dragon scales
 B - a +0 cloak (worn)
Magical Staves
 e - a staff of poison
Jewellery
 k - an amulet of the acrobat (around neck)
 l - a ring of ice
 q - a ring of protection from cold
 u - an amulet of the acrobat
 z - a ring of fire
 D - a +6 ring of intelligence (left hand)
 I - a ring of ice
Wands
 C - a wand of iceblast (3)
Scrolls
 f - a scroll of brand weapon {unknown}
 g - a scroll of silence {unknown}
 j - a scroll of enchant weapon {unknown}
 m - 5 scrolls of identify {unknown}
 o - a scroll of immolation {unknown}
 s - a scroll of magic mapping {unknown}
 t - a scroll of vulnerability {unknown}
 w - a scroll of poison {unknown}
 y - 3 scrolls of butterflies {unknown}
 F - a scroll of blinking {unknown}
 H - a scroll of teleportation {unknown}
 K - a scroll of noise {unknown}
Potions
 d - a potion of might
 h - 6 potions of curing {unknown}
 i - a potion of haste {unknown}
 n - 2 potions of degeneration {unknown}
 p - a potion of invisibility {unknown}
 A - a potion of mutation {unknown}
 E - a potion of flight {unknown}
 G - 2 potions of heal wounds {unknown}
 J - a potion of berserk rage {unknown}
 L - a potion of brilliance {unknown}


   Skills:
 - Level 3.6 Fighting
 + Level 11.9 Axes
 - Level 3.6 Armour
 - Level 3.6 Shields


You had 7 spell levels left.
You didn't know any spells.
Your spell library was empty.

Dungeon Overview and Level Annotations

Branches:
Dungeon (5/15)             Temple (1/1) D:4

Altars:
Ashenzari
Cheibriados
Dithmenos
Elyvilon
Gozag
Hepliaklqana
Kikubaaqudgha
Makhleb
Okawaru
Qazlal
Ru
Trog
Uskayaw
Vehumet
Wu Jian
Xom
Yredelemnul
Zin
The Shining One

Shops:
D:3 (

Annotations:
Temple 2 transporters


Innate Abilities, Weirdness & Mutations

You have a pair of horns on your head.
You reflexively headbutt those who attack you in melee.


Message History

You slash the jelly!
You kill the jelly!
Makhleb accepts your kill.
No target in view!
No target in view!
No target in view!
No target in view!
No target in view!
No target in view!
No target in view!
No target in view!
No target in view!
No target in view!
You are no longer corroded.
A two-headed ogre comes into view.
It is wielding a +0 giant spiked club and a +0 giant club.
The two-headed ogre shouts in stereo!
A two-headed ogre is nearby!
Found 2 throwing nets.
The two-headed ogre hits you with a +0 giant spiked club!
The two-headed ogre barely misses you.
A troll comes into view.
You slash the two-headed ogre! You headbutt the two-headed ogre.
The two-headed ogre is moderately wounded.
You block the two-headed ogre's attack.
The two-headed ogre hits you with a +0 giant club!
You barely miss the two-headed ogre.
You headbutt the two-headed ogre, but do no damage.
The two-headed ogre is moderately wounded.
You hit the two-headed ogre.
The two-headed ogre is moderately wounded.
You hit the troll.
The two-headed ogre hits you with a +0 giant spiked club!
The two-headed ogre hits you with a +0 giant club!!
* * * LOW HITPOINT WARNING * * *
The troll bites you.
* * * LOW HITPOINT WARNING * * *
The troll barely misses you. x2
The troll attacks as you move away! You block the troll's attack.
The troll claws you.
You die...

.....###.##.....##
##.....#.##
.........###....#
#......##.# .........#
##..## #......##.##
.........# ####
#......###.#
..###...## ####
#.....## #.##
###~##.## ..## #.....#
##.# ~~~~~#.# #O(#
#.##### #.## ##†~~#.##
#T## #.# ##.#
~##~##..# ####@# #.#
#.# .~#~#..## ##.#.##
#.# #.. ~~#~#..#
##.#.#.# #.# ##.
~##~##.# #.########.#
#.
~#~~~#.#..##.#.#.##..#
#.
~~~~~#.##...........##
##.
###~##..#############
####.# ###...# ##>#..#
#...# #.##.##


You could see a two-headed ogre and a troll.

Vanquished Creatures
  A steam dragon (D:3)
  A water moccasin (D:5)
  A black bear (D:5)
  An ogre (D:4)
  A phantom (D:3)
  A necrophage (D:3)
  2 scorpions (D:5)
  A howler monkey (D:5)
  A hound (D:5)
  A jelly (D:5)
  Crazy Yiuf (D:3)
  An orc priest (D:3)
  5 iguanas
  Jessica (D:2)
  An orc wizard (D:5)
  9 adders
  A river rat (D:5)
  An ufetubus (D:5)
  A worm (D:2)
  3 dart slugs
  7 orcs
  9 endoplasms
  8 giant cockroaches
  4 hobgoblins
  4 quokkas
  5 ball pythons
  8 bats
  4 frilled lizards (D:1)
  3 goblins
  6 kobolds
  10 rats
103 creatures vanquished.

Notes
Turn   | Place    | Note
-------+----------+-------------------------------------------
     0 | D:1      | Tocho the Minotaur Fighter began the quest for the Orb.
     0 | D:1      | Reached XP level 1. HP: 19/19 MP: 0/0
    31 | D:1      | Found a faded altar of an unknown god.
    37 | D:1      | Reached skill level 3 in Axes
   106 | D:1      | Reached XP level 2. HP: 25/26 MP: 1/1
   434 | D:2      | Reached skill level 4 in Axes
   509 | D:2      | Reached XP level 3. HP: 31/31 MP: 2/2
   538 | D:2      | Noticed Jessica
   549 | D:2      | Killed Jessica
   550 | D:2      | Reached skill level 5 in Axes
   682 | D:2      | Reached XP level 4. HP: 38/39 MP: 3/3
   879 | D:2      | Found a glowing silver altar of Zin.
   961 | D:3      | Noticed a steam dragon
   967 | D:3      | Killed a steam dragon
   968 | D:3      | Reached skill level 7 in Axes
   968 | D:3      | Reached XP level 5. HP: 45/45 MP: 4/4
   988 | D:3      | Noticed a phantom
   999 | D:3      | Killed a phantom
  1000 | D:3      | Reached XP level 6. HP: 31/51 MP: 5/5
  1087 | D:3      | Reached skill level 8 in Axes
  1249 | D:3      | Found a runed translucent door.
  1250 | D:3      | Noticed Crazy Yiuf
  1439 | D:3      | Found Fidutab's Weapon Shop.
  1850 | D:3      | Killed Crazy Yiuf
  2202 | D:4      | Reached skill level 9 in Axes
  2202 | D:4      | Reached XP level 7. HP: 49/57 MP: 6/6
  2332 | D:4      | Found a staircase to the Ecumenical Temple.
  2351 | Temple   | Entered the Ecumenical Temple
  2351 | Temple   | Found a transporter.
  2351 | Temple   | Found a transporter.
  2353 | Temple   | Found a transporter.
  2353 | Temple   | Found a transporter.
  2381 | Temple   | Became a worshipper of Makhleb the Destroyer
  2874 | D:5      | Entered Level 5 of the Dungeon
  3073 | D:5      | Reached skill level 10 in Axes
  3181 | D:5      | Reached skill level 11 in Axes
  3318 | D:5      | Reached XP level 8. HP: 50/64 MP: 7/7
  3512 | D:5      | Found a glowing drain.
  4064 | D:5      | Noticed a two-headed ogre
  4065 | D:5      | Noticed a troll
  4068 | D:5      | HP: 2/64 [troll (6)]
  4070 | D:5      | Slain by a troll

Illustrated notes

Levels and vault maps discovered:
D:1:      scummos_arrival_checkerplants, layout_rooms,
          ebering_ecumenical_altar_rust
D:2:      layout_basic, basic_altar, chequers_serial_rivers_marsh, uniq_jessica
D:3:      layout_basic, serial_shops, nicolae_shop_advertising_works
          [nicolae_subvault_shop_adworks], uniq_crazy_yiuf_cottage
D:4:      layout_basic, temple_statues, minmay_misc_feat_pillars
D:5:      minmay_inner_zag, layout_cave_pods, gup_sewer_entry_bubbles,
          minmay_small_thing
Temple:   hellmonk_temple_divided_pantheon

Skill      XL: |  1  2  3  4  5  6  7 |
---------------+----------------------+-----
Axes           | 3 4 5 7 9 11 | 11.9
Fighting       | |  3.6
Armour         | |  3.6
Shields        | |  3.6

Action                   |  1- 3 |  4- 6 |  7- 9 || total
-------------------------+-------+-------+-------++-------
Melee: War axe           |    75 |    81 |   103 ||   259
       Headbutt          |     3 |    15 |    14 ||    32
Armor: Scale mail        |    31 |    26 |    32 ||    89
Dodge: Dodged            |    36 |    32 |    52 ||   120
Block: Buckler           |    17 |    15 |    20 ||    52

Table legend: (Time is in decaauts)
 A = Elapsed time spent in this place.
 B = Non-inter-level travel time spent in this place.
 C = Inter-level travel time spent in this place.
 D = Time resting spent in this place.
 E = Time spent auto-exploring this place.
 F = Levels seen in this place.
 G = Mean time per level.
                   A        B        C        D        E       F      G
               +--------+--------+--------+--------+--------+-----+--------+
         Total |   4176 |   3895 |    281 |      0 |   3144 |   6 |  696.0 |
       Dungeon |   4122 |   3844 |    278 |      0 |   3144 |   5 |  824.4 |
        Temple |     54 |     51 |      3 |      0 |      0 |   1 |   54.0 |
               +--------+--------+--------+--------+--------+-----+--------+

Top non-repeatable levels by time:
     D:5: 1248 daAuts
     D:3: 1055 daAuts
     D:4: 811 daAuts
     D:2: 558 daAuts
     D:1: 448 daAuts
  Temple: 54 daAuts
